 Dungeon Crawl Stone Soup version 0.26.1-10-gdfb7c7de75 (console) character file.

Game seed: 10730301408613925040

5 erker the Digger (level 1, -1/11 HPs)
             Began as an Octopode Earth Elementalist on Apr 9, 2021.
             Slain by a hobgoblin
             ... wielding a +0 club
              (6 damage)
             ... on level 1 of the Dungeon.
             The game lasted 00:04:03 (115 turns).

erker the Digger (Octopode Earth Elementalist)       Turns: 115, Time: 00:04:04

Health: -1/11      AC:  1    Str:  7    XL:     1   Next: 80%
Magic:  1/3        EV: 13    Int: 17    God:
Gold:   0          SH:  0    Dex: 12    Spells: 3/4 levels left

rFire    . . .     SeeInvis .   (no weapon)
rCold    . . .     Faith    .   (no shield)
rNeg     . . .     Spirit   .   (helmet restricted)
rPois    .         Reflect  .   (no amulet)
rElec    .         Harm     .   (no ring)
rCorr    .         Rampage  .   (no ring)
Will     .....                  (no ring)
Stlth    +++.......             (no ring)
HPRegen  0.03/turn              (no ring)
MPRegen  0.08/turn              (no ring)
                                (no ring)
                                (no ring)

@: no status effects
A: almost no armour, stealthy swim, amphibious, 8 rings, constrict 8, camouflage
1, gelatinous body 1
a: no special abilities


You were on level 1 of the Dungeon.
You visited 1 branch of the dungeon, and saw 1 of its levels.

Inventory:

Missiles
 a - 22 arrows
 b - 24 stones
 c - 11 poisoned darts (quivered)


   Skills:
 - Level 2.0 Dodging
 - Level 3.1 Stealth
 - Level 2.0 Spellcasting
 - Level 1.0 Transmutations
 + Level 3.2 Earth Magic


You had 3 spell levels left.
You knew the following spells:

 Your Spells              Type           Power        Failure   Level
a - Sandblast             Erth           24%          5%          1

Your spell library contained the following spells:

 Spells                   Type           Power        Failure   Level
 Passwall                 Tmut/Erth      6%           12%         2
 Stone Arrow              Conj/Erth      14%          30%         3
 Petrify                  Tmut/Erth      8%           63%         4
 Lee's Rapid Deconstruct  Erth           6%           82%         5


Dungeon Overview and Level Annotations

Branches:
Dungeon (1/15)

Altars:


Innate Abilities, Weirdness & Mutations

You cannot wear most types of armour.
You are very stealthy in the water. (Stealth+)
You are amphibious.
You can wear up to eight rings at the same time.
You can use your tentacles to constrict eight enemies at once.
Your skin changes colour to match your surroundings (Stealth+).
Your rubbery body absorbs attacks. (AC +1, EV +1)


Message History

You throw a poisoned dart.
The poisoned dart barely misses the hobgoblin.
Throw: 13 darts (poison)
Press: ? - help, Q - select action, (/) - cycle Shift-Dir - straight line, f/p - hobgoblin
Aim: a hobgoblin, wielding a +0 club (moderately wounded, 56% to hit)
You throw a poisoned dart.
The poisoned dart closely misses the hobgoblin.
Throw: 12 darts (poison)
Press: ? - help, Q - select action, (/) - cycle Shift-Dir - straight line, f/p - hobgoblin
Aim: a hobgoblin, wielding a +0 club (moderately wounded, 56% to hit)
You throw a poisoned dart. The poisoned dart hits the hobgoblin.
The hobgoblin is moderately wounded.
Really walk into that dispersal trap?
Okay, then.
Really walk into that dispersal trap?
You enter a dispersal trap!
The hobgoblin blinks!
The goblin blinks!
The hobgoblin blinks!
You blink.
The hobgoblin misses you. The hobgoblin hits you with a +0 club.
Ouch! That really hurt!
You die...

########## ..
####...##...#####.# #
.............#.)..#.#
###..........§).# #...
...##.........§§###..#
#..##............#...#
>...##>.....((##...#.#
#.<.###.#....(##.###.####
#....#..#§......@.......###.#
##...##....#...g......#.....#
#....#...##...........#
##...#(...#.........#.#
##..####.#.........#.#
#...'.##.#.........#.#
#..##.##.##..#.......####
...####....##.####..>.....#
..# ####.##.# #........#


You could see a hobgoblin.

Vanquished Creatures
  A bat (D:1)
  3 hobgoblins (D:1)
4 creatures vanquished.

Notes
Turn   | Place    | Note
-------+----------+-------------------------------------------
     0 | D:1      | erker the Octopode Earth Elementalist began the quest for
                  | the Orb.
     0 | D:1      | Reached XP level 1. HP: 11/11 MP: 3/3
   115 | D:1      | Slain by a hobgoblin

Illustrated notes

Levels and vault maps discovered:
D:1:      dpeg_arrival_long_road, layout_rooms

Skill      XL: |  1 |
---------------+----+-----
Stealth        | 3 |  3.1
Dodging        | |  2.0
Spellcasting   | |  2.0
Transmutations | |  1.0
Earth Magic    | |  3.2

Action                   || total
-------------------------++-------
Melee: Unarmed           ||    14
       Constrict         ||     2
       Tentacles         ||     1
Throw: Dart              ||     5
 Cast: Sandblast         ||     6
Armor: Skin              ||     6
Dodge: Dodged            ||    15
